 Dungeon Crawl Stone Soup version 0.17-a0-1637-g5d65775 (webtiles) character file.

40 karlkraus the Conjurer (level 3, -4/21 HPs)
             Began as an Octopode Conjurer on Aug 7, 2015.
             Slain by a gnoll
             ... wielding a +0 whip
              (9 damage)
             ... on level 1 of the Dungeon.
             The game lasted 00:03:45 (1087 turns).

karlkraus the Conjurer (Octopode Conjurer)          Turns: 1087, Time: 00:03:45

Health: -4/21      AC:  1    Str:  7    XL:     3   Next: 50%
Magic:  6/6        EV: 12    Int: 18    God:
Gold:   27         SH:  0    Dex: 12    Spells: 2 memorised, 3 levels left

rFire  . . .     SeeInvis .     (no weapon)
rCold  . . .     Clarity  .     (no shield)
rNeg   . . .     SustAt   .     (helmet restricted)
rPois  .         Gourm    .     (no amulet)
rElec  .         Spirit   .     (no ring)
rCorr  .         Warding  .     (no ring)
rMut   .         Stasis   .     (no ring)
MR     .....                    (no ring)
Stlth  +++.......               (no ring)
                                (no ring)
                                (no ring)
                                (no ring)

@: not resistant to hostile enchantments, fairly stealthy
A: almost no armour, amphibious, 8 rings, constrict 8, camouflage 1, gelatinous
body 1
a: no special abilities


You were on level 1 of the Dungeon.
You were hungry.

You visited 1 branch of the dungeon, and saw 1 of its levels.

You collected 27 gold pieces.

Inventory:

Scrolls
 c - a scroll of identify {unknown}
 e - a scroll of teleportation {unknown}
 g - a scroll of remove curse {unknown}
Potions
 d - a potion of ambrosia {unknown}
 f - a potion of curing {unknown}
Books
 a - a book of Conjurations

   Spells                             Type                      Level
   a - Magic Dart                     Conjuration                  1
   b - Searing Ray                    Conjuration                  2
   c - Dazzling Spray                 Conjuration/Hexes            3
   d - Fulminant Prism                Conjuration/Hexes            4
   e - Iskenderun's Mystic Blast      Conjuration                  4
   f - Iskenderun's Battlesphere      Conjuration/Charms           5
Comestibles
 b - a bread ration


   Skills:
 + Level 0.2 Fighting
 + Level 2.2 Dodging
 + Level 2.9 Stealth
 + Level 0.6 Unarmed Combat
 + Level 2.2 Spellcasting
 + Level 4.6 Conjurations


You had 3 spell levels left.
You knew the following spells:

 Your Spells              Type           Power        Failure   Level  Hunger
a - Magic Dart            Conj           ###.         2%          1    #......
b - Searing Ray           Conj           ###...       4%          2    ##.....


Dungeon Overview and Level Annotations

Branches:
Dungeon (1/15)

Altars:


Innate Abilities, Weirdness & Mutations

You cannot wear most types of armour.
You are amphibious.
You can wear up to eight rings at the same time.
You can use your tentacles to constrict eight enemies at once.
Your skin changes colour to match your surroundings (Stealth).
Your rubbery body absorbs attacks (AC +1).


Message History

You are held in a net!
You are held in a net!
You are held in a net!
You are held in a net!
You are held in a net!
You are held in a net!
You slip out of the net!
The gnoll barely misses you.
You tentacle-slap the gnoll but do no damage.
You grab the gnoll. You constrict the gnoll. The gnoll hits you with a whip!
You tentacle-slap the gnoll.
The gnoll is moderately wounded.
You constrict the gnoll. The gnoll hits you but does no damage.
You tentacle-slap the gnoll.
The gnoll is heavily wounded.
You constrict the gnoll. The gnoll hits you with a whip.
* * * LOW HITPOINT WARNING * * *
You tentacle-slap the gnoll.
The gnoll is severely wounded.
You constrict the gnoll. The gnoll hits you with a whip!
You die...

###.#######.....##.#.##[#####...#
###.# ########......# #...# ....#
######.#####.... #####
#.........# ### #### #########.#
..# ...##### #..... ###.
.#######.....[.####.##.# #...
###......g###......##.##.#
...###.........@...###....#....#
.#......#######......#...####.#
#..... ###.....# #.... #....#
##....# #.... . #....## ##....# .
##... ..#..<..### ###.....#..
##.# ...#......#######...)..#...#
#.# ....###.............###....#
#.# #....†.###.......###......##
##'#


You could see a gnoll.

Vanquished Creatures
  3 oozes (D:1)
  3 bats (D:1)
  4 goblins (D:1)
  4 hobgoblins (D:1)
  5 kobolds (D:1)
  4 giant newts (D:1)
  5 rats (D:1)
28 creatures vanquished.

Notes
Turn   | Place    | Note
--------------------------------------------------------------
     0 | D:1      | karlkraus the Octopode Conjurer began the quest for the Orb.
     0 | D:1      | Reached XP level 1. HP: 11/11 MP: 3/3
    53 | D:1      | Reached XP level 2. HP: 7/17 MP: 5/5
   624 | D:1      | Reached XP level 3. HP: 17/21 MP: 0/6
   970 | D:1      | Learned a level 2 spell: Searing Ray
  1087 | D:1      | Slain by a gnoll

Vault maps used:
D:1:      dpeg_arrival_oval, st_stairs_3, minmay_misc_feat_secret_circle,
          hex_medium

Action                   || total
-------------------------++-------
Melee: Unarmed           ||    47
 Cast: Magic Dart        ||    31
 Stab: Sleeping          ||     5
